Map: Automaton LE

Players

Piroxiljin

  • Race: Terran Terran
  • Spawn Location: 3:00

A.I. 1 (Harder) - Winner!

  • Race: Terran Terran
  • Spawn Location: 9:00

VOD

Have the link to the VOD?

Description

Time

  • Played on: Feb. 1, 2019, 11:48 p.m.
  • Length: 10:31
Show
View Real Time Build Order
Export as new Build Order

Piroxiljin Terran 

Build Orders:  

Get SALT Encoding   

  12  0:01  SCV  
  13  0:24  Supply Depot  
  13  0:25  SCV  
  14  0:35  Refinery  
  14  0:40  SCV  
  15  0:52  Barracks  
  15  1:00  SCV  
  16  1:12  SCV  
  17  1:20  Barracks  
  17  1:24  SCV  
  18  1:36  SCV  
  19  1:51  Supply Depot  
  19  1:53  Barracks Tech Lab  
  19  1:58  Orbital Command  
  19  2:11  Barracks Tech Lab  
  19  2:13  Concussive Shells  
  21  2:15  Marauder  
  21  2:29  Refinery  
  21  2:38  Factory  
  21  2:46  Marauder  
  22  2:54  Marauder  
  24  3:01  SCV  
  25  3:13  SCV  
  26  3:20  Marauder  
  26  3:25  SCV  
  29  3:31  Factory  
  29  3:37  SCV  
  29  3:41  Barracks Tech Lab  
  30  3:43  Supply Depot  
  30  3:44  Supply Depot  
  30  3:49  SCV  
  31  4:05  Marauder x2, Siege Tank  
  38  4:26  Marine  
  39  4:37  Barracks Tech Lab  
  39  4:47  Command Center  
  39  4:57  Mag-Field Accelerator  
  39  4:58  Combat Shield  
  39  5:03  SCV  
  40  5:13  Engineering Bay  
  40  5:15  SCV  
  41  5:22  Refinery  
  41  5:26  Refinery  
  41  5:28  Supply Depot  
  41  5:29  Supply Depot  
  41  5:33  SCV  
  42  5:39  Marine  
  43  5:45  SCV  
  44  6:16  Marine  
  44  6:17  Marine  
  46  6:20  Cyclone x2  
  52  6:31  Starport  
  52  6:34  Terran Infantry Weapons Level 1  
  52  6:35  Marauder  
  54  6:44  Orbital Command  
  54  6:48  SCV  
  55  7:00  SCV, Marauder  
  58  7:12  SCV  
  59  7:24  SCV  
  59  7:25  Siege Tank x2  
  59  7:29  SCV  
  67  7:39  Missile Turret  
  67  7:41  SCV  
  68  7:50  Barracks Tech Lab  
  68  7:53  SCV  
  68  7:56  Supply Depot  
  68  7:57  Supply Depot  
  69  8:00  Missile Turret  
  69  8:05  SCV  
  70  8:17  SCV  
  71  8:29  Armory  
  71  8:30  SCV  
  71  8:31  Terran Infantry Armor Level 1  
  72  8:36  Medivac  
  72  8:40  Marauder x2  
  78  8:42  Cyclone, Siege Tank  
  84  8:54  Supply Depot  
  84  8:55  Supply Depot  
  84  9:01  Marine x2  
  86  9:14  Widow Mine x2  
  90  9:18  Supply Depot  
  90  9:20  Marauder x2  
  94  9:35  Siege Tank x2  
  100  9:42  Engineering Bay  
Show
View Real Time Build Order
Export as new Build Order

A.I. 1 (Harder) Terran - Winner!

Build Orders:  

Get SALT Encoding   

  12  0:00  SCV  
  13  0:13  SCV  
  14  0:20  Supply Depot  
  14  0:25  SCV  
  15  0:41  SCV  
  16  0:46  Barracks  
  16  0:53  SCV  
  17  1:05  SCV  
  18  1:20  Command Center  
  18  1:35  Marine, Orbital Command  
  19  1:41  Supply Depot  
  19  1:48  Refinery  
  19  1:53  Marine  
  21  2:01  SCV  
  21  2:03  Barracks  
  21  2:12  Refinery, Marine  
  21  2:14  SCV  
  23  2:29  Marine  
  24  2:40  SCV  
  25  2:47  Marine  
  25  2:49  Factory  
  25  2:50  Marine  
  27  3:04  Refinery  
  27  3:05  Marine  
  27  3:10  Barracks Tech Lab, Refinery  
  28  3:22  SCV  
  28  3:25  SCV  
  30  3:30  Marauder  
  30  3:34  SCV, Factory Tech Lab  
  32  3:37  SCV  
  34  3:42  Barracks Tech Lab  
  34  3:46  SCV  
  34  3:50  SCV, Supply Depot  
  34  3:54  Siege Tank  
  38  3:57  Factory  
  38  3:58  SCV  
  38  4:02  SCV  
  40  4:10  SCV  
  40  4:14  SCV  
  42  4:19  Starport  
  42  4:28  Starport  
  42  4:38  Marauder  
  44  4:41  Factory Tech Lab  
  44  4:48  Reaper  
  45  4:57  Starport Tech Lab  
  45  4:59  Hellion  
  47  5:01  SCV  
  47  5:03  Supply Depot  
  47  5:05  SCV, Starport Tech Lab  
  49  5:09  Siege Tank  
  49  5:14  SCV  
  53  5:16  Stimpack  
  53  5:18  SCV  
  54  5:23  Combat Shield  
  54  5:26  SCV  
  55  5:30  SCV  
  55  5:32  Supply Depot  
  56  5:38  SCV  
  56  5:42  SCV, Engineering Bay  
  58  5:50  SCV  
  58  5:54  SCV  
  60  5:58  Marine  
  60  6:02  SCV  
  62  6:07  SCV  
  62  6:08  Terran Infantry Armor Level 1  
  62  6:09  Supply Depot, Marauder  
  65  6:14  SCV  
  66  6:20  SCV, Marauder  
  69  6:30  SCV, Reaper  
  71  6:34  Supply Depot  
  71  6:35  SCV  
  72  6:41  Viking  
  72  6:42  Concussive Shells, SCV  
  75  6:52  Hellion  
  77  6:56  SCV  
  77  6:59  Supply Depot  
  78  7:03  Hellion  
  80  7:11  Missile Turret  
  80  7:13  Siege Tank  
  80  7:14  Missile Turret  
  83  7:17  Missile Turret  
  83  7:19  Missile Turret  
  83  7:21  SCV x2, Raven  
  87  7:23  Supply Depot  
  87  7:24  Siege Tank  
  90  7:33  SCV, Sensor Tower  
  90  7:35  Bunker  
  91  7:40  Raven, SCV  
  91  7:41  Bunker  
  94  7:45  Armory, Siege Tank  
  94  7:50  Supply Depot  
  97  7:55  Barracks  
  97  8:02  Terran Infantry Weapons Level 1  
  97  8:43  Barracks Reactor  
  97  9:03  Medivac  
  97  9:04  Medivac, Marine  
  97  9:06  Factory  
  97  9:07  Marine  
  103  9:10  Starport  
  103  9:12  Supply Depot  
  103  9:14  Command Center  
  102  9:19  Marine  
  102  9:22  Marine x2  
  105  9:25  Marine  
  106  9:33  Raven, Medivac  
  106  9:36  Supply Depot  
  106  9:37  Marine  
  111  9:40  Marauder, Marine  
  111  9:42  Ghost Academy  
  111  9:43  Marauder  
  111  9:45  Engineering Bay  
  116  9:47  Starport Reactor  
  116  9:50  Factory Tech Lab  
  115  10:01  Marauder  
  115  10:03  Supply Depot  
  115  10:05  Marauder  
  113  10:17  Fusion Core  
  114  10:29  Armory  
Tags
 
Matchup
TvT
Race
Terran
Spawn Locations
Cross Positions
Add a new tag
Caveats
  • Supply blocks, unpowered buildings, or Contaminate may cause inaccurate times.
  • Supply counts are checked every 10 seconds.